 Dungeon Crawl Stone Soup version 0.31-a0-844-gdc52ec4e09 (webtiles) character file.

Game seed: 1627269677634467388

898 Goblin1989 the Ruffian (level 7, -1/43 HPs)
             Began as a Demonspawn Shapeshifter on Sept 30, 2023.
             Was a Follower of Wu Jian.
             Slain by a centaur (6 damage)
             ... on level 4 of the Dungeon.
             The game lasted 00:07:46 (4188 turns).

Goblin1989 the Ruffian (Demonspawn Shapeshifter)    Turns: 4188, Time: 00:07:47

Health: -1/43      AC:  2    Str: 19    XL:     7   Next: 79%
Magic:  7/7        EV: 12    Int: 10    God:    Wu Jian [*.....]
Gold:   257        SH:  0    Dex: 13    Spells: 6/6 levels left

rFire   . .          .
                       - Unarmed
rCold   . . .        (no shield)
rNeg    . . .        a - +0 animal skin
rPois   .            (helmet currently unavailable)
rElec   .            (cloak currently unavailable)
rCorr   .            (gloves currently unavailable)
SInv    .            (boots currently unavailable)
Will    .....        (no amulet)
Stlth   +            (no ring)
HPRegen 0.27/turn    (no ring)
MPRegen 0.10/turn

%: clarity
@: beast-form
A: beast (slay +2), hooves 1, demonic guardian 2, clarity, frail 1, strong 1
a: Begin Untransformation, Renounce Religion


You were on level 4 of the Dungeon.
You worshipped Wu Jian.
Wu Jian was aware of your devotion.
You were a hulking beast.
You visited 1 branch of the dungeon, and saw 4 of its levels.

You collected 257 gold pieces.

Inventory:

Missiles
 f - 10 javelins {@Q3}
 o - 6 poisoned darts (quivered)
 t - a throwing net {!d , @Q1}
Armour
 a - a +0 animal skin (worn)
Jewellery
 m - a ring of willpower
Talismans
 c - a beast talisman (active)
 d - a flux talisman
Wands
 r - a wand of flame (11) {@v1}
Scrolls
 h - 4 scrolls of identify {unknown}
 i - a scroll of enchant weapon {unknown}
 j - 3 scrolls of teleportation {unknown}
 k - 2 scrolls of vulnerability {unknown}
 l - 4 scrolls of poison {unknown}
 q - a scroll of fear {unknown}
 s - a scroll of silence {unknown}
Potions
 b - 2 potions of lignification
 p - a potion of mutation {!q}


   Skills:
 - Level 1.0 Fighting
 - Level 1.7 Dodging
 * Level 7.2 Unarmed Combat
 + Level 5.1 Shapeshifting


You had 6 spell levels left.
You didn't know any spells.
Your spell library contained the following spells:

 Spells                   Type           Power      Damage    Failure   Level
 Necrotise                Necr           0%         1d4       36%         1
 Blink                    Tloc           0%         N/A       50%         2
 Lesser Beckoning         Tloc           0%         N/A       50%         2
 Momentum Strike          Conj/Tloc      0%         3d8       50%         2
 Vampiric Draining        Necr           0%         2d6       75%         3
 Agony                    Necr           0%         N/A       100%        5


Dungeon Overview and Level Annotations

Branches:
Dungeon (4/15) Zot: 19796
 Temple: D:4-7

Altars:
Makhleb
Uskayaw
Wu Jian

Shops:
D:1 [


Innate Abilities, Weirdness & Mutations

You are a hulking beast.
Your limbs bulge with bestial killing power. (Slay +2)
You have large cloven feet.
A demonic guardian rushes to your aid.
You possess an exceptional clarity of mind.
You are frail. (-10% HP)
Your muscles are strong. (Str +4, Int/Dex -1)


Message History

The black bear barely misses you. The black bear claws you.
The black bear claws you but does no damage.
There is an open door, spattered with blood here.
You see here a ball python corpse.
You take 3 damage, and have 40/43 hp.
You closely miss the black bear. You kick the black bear.
The black bear is lightly wounded.
The black bear misses you. The black bear claws you.
The black bear closely misses you.
You take 1 damage, and have 39/43 hp.
You closely miss the black bear.
The black bear is lightly wounded.
The black bear bites you. The black bear claws you. x2
You take 4 damage, and have 35/43 hp.
You punch the black bear!
The black bear is heavily wounded.
The black bear misses you. The black bear claws you.
The black bear barely misses you.
A centaur breaks down the door.
You take 2 damage, and have 33/43 hp.
You punch the black bear! You kick the black bear.
The black bear is almost dead.
The black bear bites you. The black bear claws you. x2
You take 10 damage, and have 23/43 hp.
MASSIVE DAMAGE!!
You hit the black bear.
You kill the black bear!
The Council accepts your kill.
A quokka comes into view.
Your Unarmed Combat skill increases to level 7!
Your Shapeshifting skill increases to level 5!
There is an open door here.
The jackal attacks as it pursues you! The jackal closely misses you.
The jackal attacks as it pursues you!
The jackal bites you but does no damage.
The jackal closely misses you.
You see here a +0 robe.
The jackal attacks as it pursues you!
The jackal bites you but does no damage.
A kobold comes into view.
It is wielding a +0 short sword and quivering poisoned darts.
The kobold shouts!
The jackal barely misses you.
The kobold moves out of view.
You see here an adder corpse.
The jackal attacks as it pursues you! The jackal closely misses you.
The jackal attacks as it pursues you!
The jackal bites you but does no damage. x2
Things that are here:
a +0 whip; a kobold corpse; a ball python corpse You punch the jackal!
You kill the jackal!
The Council accepts your kill.
You punch the scorpion! You kick the scorpion. You punch the scorpion.
You kill the scorpion!
The Council accepts your kill.
There are monsters nearby!
Saving game... please wait.
Bad monster_list_colour key: strict_neutral Options error: Unknown explore stop condition 'gates' (~/.crawlrc:83) Wu Jian says: Become an insubstantial wisp!
Welcome back, Goblin1989 the Demonspawn Shapeshifter.
The Council says: Follow the path of wisdom and battle!
Press ? for a list of commands and other information.
A centaur is nearby!
The centaur closely misses you. The centaur kicks you. The centaur hits you.
The centaur barely misses you.
You take 6 damage, and have 22/43 hp.
You hit the centaur. You kick the centaur, but do no damage.
Your punch misses the centaur.
The centaur is lightly wounded.
The centaur barely misses you. The centaur kicks you.
You take 2 damage, and have 20/43 hp.
You punch the centaur!
The centaur is heavily wounded.
The centaur barely misses you. The centaur kicks you.
* * * LOW HITPOINT WARNING * * *
You take 1 damage, and have 19/43 hp.
You hit the centaur.
The centaur is severely wounded.
The centaur closely misses you. The centaur kicks you.
* * * LOW HITPOINT WARNING * * *
The centaur hits you.
* * * LOW HITPOINT WARNING * * *
The centaur misses you.
You take 7 damage, and have 12/43 hp.
You hit the centaur.
You punch the centaur, but do no damage.
The centaur is severely wounded.
The centaur hits you.
* * * LOW HITPOINT WARNING * * *
The centaur closely misses you.
You take 3 damage, and have 9/43 hp.
You hit the centaur but do no damage. You kick the centaur, but do no damage.
The centaur is severely wounded.
The centaur hits you.
* * * LOW HITPOINT WARNING * * *
A demonic guardian appears!
The centaur kicks you but does no damage.
You take 4 damage, and have 5/43 hp.
You completely miss the centaur. Your punch misses the centaur.
The centaur is severely wounded.
The centaur hits you.
You die...

........).█.█ █..█ █........
............██████..█
█.██████.
.............█).....█ █.█ █.
███.██.......█.████.█ █.█ █.
███.███...█..█†█ █.█
██.██████. ....█ ██.██>.█.█
█.█ ██.█.█.....
██.█████.██..█.██
█.███.███..████
█.............4███.██.██ ██.█
████████........h...██..███..█
.....█ █████..rc██████████.█.█
████.█ █.█...).cr.[.███████ █
█.█ █.█.███.█..█.∆.....█ █
█.████ █.█.█ █..██..█.█.█.███
█....█ █.█.███..██..█.r█..█..
████.████....██.█..█.█.█.█.█.(
███
█..........█[.....█.....██.
..██
███████...████████████†███.


You could see a centaur (ally target), a quokka and a friendly hellwing
(summoned).

Vanquished Creatures
  Grinder (D:4)
  A black bear (D:4)
  3 scorpions (D:4)
  Dowan (D:4)
  3 adders (D:4)
  A worm (D:4)
  5 dart slugs
  2 orcs (D:4)
  6 ball pythons
  9 endoplasms
  11 goblins
  9 hobgoblins
  A jackal (D:4)
  2 quokkas
  5 bats
  2 frilled lizards
  5 kobolds
  3 rats
70 creatures vanquished.

Vanquished Creatures (collateral kills)
  Duvessa (D:4)
  A black bear (D:4)
  Blork the orc (D:4)
  Robin (D:3)
  An endoplasm (D:1)
  A goblin (D:3)
  A hobgoblin (D:1)
  A ball python (D:4)
8 creatures vanquished.

Grand Total: 78 creatures vanquished

Notes
Turn   | Place    | Note
-------+----------+-------------------------------------------
     0 | D:1      | Goblin1989 the Demonspawn Shapeshifter began the quest for
                  | the Orb.
     0 | D:1      | Reached XP level 1. HP: 15/15 MP: 1/1
   136 | D:1      | Reached skill level 3 in Unarmed Combat
   202 | D:1      | Gained mutation: A weak demonic guardian rushes to your
                  | aid. [demonic ancestry]
   202 | D:1      | Reached XP level 2. HP: 21/21 MP: 2/2
   296 | D:1      | Found Jyleac's Armour Emporium.
  1303 | D:2      | Found an ornate altar of the Wu Jian Council.
  1392 | D:2      | Became a worshipper of the Wu Jian Council
  1594 | D:2      | Reached XP level 3. HP: 26/26 MP: 3/3
  1740 | D:3      | Noticed Robin
  1753 | D:2      | HP: 1/26 [goblin/+0 club[Robin] (5)]
  1949 | D:3      | HP: 1/26 [Robin/+0 mace (7)]
  1951 | D:3      | Killed Robin
  2357 | D:3      | Found a hide-covered altar of Uskayaw.
  2610 | D:3      | Found a burning altar of Makhleb.
  2799 | D:4      | Reached skill level 4 in Unarmed Combat
  2799 | D:4      | Gained mutation: You have large cloven feet. [demonic
                  | ancestry]
  2799 | D:4      | Reached XP level 4. HP: 32/32 MP: 4/4
  2804 | D:4      | Noticed a scorpion
  2811 | D:4      | Killed a scorpion
  2839 | D:4      | Gained mutation: A demonic guardian rushes to your aid.
                  | [demonic ancestry]
  2839 | D:4      | Reached XP level 5. HP: 28/37 MP: 5/5
  2891 | D:4      | Noticed Duvessa
  2894 | D:4      | Noticed Dowan
  2911 | D:4      | Killed Duvessa
  2912 | D:4      | Reached skill level 5 in Unarmed Combat
  2945 | D:4      | HP: 1/37 [Dowan/+0 dagger (7)]
  2946 | D:4      | Gained mutation: Your muscles are strong. (Str +4, Int/Dex
                  | -1) [potion of mutation]
  2946 | D:4      | Gained mutation: You are frail. (-10% HP) [potion of
                  | mutation]
  2946 | D:4      | Gained mutation: You possess an exceptional clarity of
                  | mind. [potion of mutation]
  2950 | D:4      | Killed Dowan
  2951 | D:4      | Reached XP level 6. HP: 2/38 MP: 6/6
  3190 | D:4      | Reached * piety under Wu Jian
  3200 | D:4      | Noticed Grinder
  3211 | D:4      | Killed Grinder
  3212 | D:4      | Reached skill level 6 in Unarmed Combat
  3479 | D:4      | Reached XP level 7. HP: 43/43 MP: 7/7
  3609 | D:4      | Noticed Blork the orc
  3620 | D:4      | Killed Blork the orc
  4163 | D:4      | Reached skill level 7 in Unarmed Combat
  4163 | D:4      | Reached skill level 5 in Shapeshifting
  4188 | D:4      | Slain by a centaur

Illustrated notes

Levels and vault maps discovered:
D:1:      dpeg_arrival_short_road, layout_loops_corners, serial_shops,
          nicolae_shop_gibbet_a_chance, chequers_serial_rivers_large_a,
          kennysheep_crisscross
D:2:      layout_loops_ring, serial_forest, infiniplex_forest_lined_3,
          infiniplex_forest_clump_large, infiniplex_forest_clump_curved,
          infiniplex_forest_clump_small, infiniplex_forest_end_2,
          infiniplex_forest_3_way, basic_altar, grunt_ministairs_8
D:3:      layout_basic, lightli_temple_of_fire, nicolae_uskayaw_dance_hall,
          serial_bayou_lagoon_a, uniq_robin
D:4:      minmay_clustersquares, layout_loops_ring,
          mainiacjoe_overflow_chevrons, uniq_grinder, uniq_blork_the_orc,
          uniq_duvessa

Skill      XL: |  1  2  3  4  5  6  7 |
---------------+----------------------+-----
Unarmed Combat | 3 4 5 6 7 |  7.2
Shapeshifting  | 3 4 5 |  5.1
Fighting       | |  1.0
Dodging        | |  1.7

Action                     |  1- 3 |  4- 6 |  7- 9 || total
---------------------------+-------+-------+-------++-------
  Melee: Unarmed           |   147 |    42 |    36 ||   225
         Punch             |     4 |       |     2 ||     6
         Kick              |       |     9 |    13 ||    22
  Throw: Dart              |       |     8 |       ||     8
Ability: Lunge             |     9 |     8 |     2 ||    19
         Whirlwind         |       |       |     1 ||     1
    Use: Potion            |       |     4 |       ||     4
   Stab: Sleeping          |     2 |       |       ||     2
 Armour: Animal skin       |    66 |    23 |    35 ||   124
  Dodge: Dodged            |    79 |    18 |    29 ||   126

Table legend: (Time is in decaauts)
 A = Elapsed time spent in this place.
 B = Non-inter-level travel time spent in this place.
 C = Inter-level travel time spent in this place.
 D = Time resting spent in this place.
 E = Time spent auto-exploring this place.
 F = Levels seen in this place.
 G = Mean time per level.
                   A        B        C        D        E       F      G
               +--------+--------+--------+--------+--------+-----+--------+
         Total |   4202 |   4057 |    145 |    569 |   2905 |   4 | 1050.5 |
       Dungeon |   4202 |   4057 |    145 |    569 |   2905 |   4 | 1050.5 |
               +--------+--------+--------+--------+--------+-----+--------+

Top non-repeatable levels by time:
     D:4: 1420 daAuts
     D:2: 987 daAuts
     D:1: 983 daAuts
     D:3: 810 daAuts
